APP
OAKLAND (APP) ATHLETICS @ PULASKI YANKEES
08/26/2047
 
TOP OF THE 1ST
Oakland (APP) Athletics batting - Pitching for Pulaski Yankees : RHP Eric Patrick
Pitching: RHP Eric Patrick
Batting: RHB Mike Gangi 0-0: Ball
1-0: Foul Ball, location: 2F
1-1: Ball
2-1: Called Strike
2-2: Foul Ball, location: 2F
2-2: Strikes out swinging
Batting: RHB Chris Bohm 0-0: Ball
1-0: Ball
2-0: Ball
3-0: Base on Balls
Batting: LHB Marcus Pollard 0-0: Ball
Chris Bohm is caught stealing 2nd base 2-6
1-0: Ball
2-0: Fly out, F5 (Popup, 5F, EV 80.6 MPH)
Top of the 1st over - 0 runs, 0 hits, 0 errors, 0 left on base; Oakland (APP) 0 - Pulaski 0
BOTTOM OF THE 1ST
Pulaski Yankees batting - Pitching for Oakland (APP) Athletics : RHP Ricky Lopez
Pitching: RHP Ricky Lopez
Batting: RHB Jonathan Iniguez 0-0: SINGLE (Groundball, 6MD, EV 101.9 MPH)
Batting: LHB Jared Zulkowski 0-0: Ball
1-0: SINGLE (Groundball, 4MD, EV 95.0 MPH)
Jonathan Iniguez to second
Batting: LHB Ernesto Abreu 0-0: Called Strike
0-1: Ball
1-1: Ball
2-1: Foul Ball, location: 2F
2-2: Foul Ball, location: 2F
2-2: Ball
3-2: Strikes out swinging
Batting: LHB Steve LeGrand 0-0: Foul Ball, location: 2F
0-1: Fielders Choice at 2nd, 1-6 (Groundball, 13, EV 70.0 MPH)
Jonathan Iniguez to third
Batting: RHB Jesus Ruiz 0-0: Ball
Wild Pitch!
Jonathan Iniguez scores
Steve LeGrand to second
1-0: Ball
2-0: Ball
3-0: Foul Ball, location: 2F
3-1: DOUBLE (Flyball, 8RXD, EV 101.9 MPH)
Steve LeGrand scores
Batting: LHB Justin Short 0-0: Ball
1-0: Foul Ball, location: 2F
1-1: Fly out, F3 (Line Drive, 4, EV 68.1 MPH)
Bottom of the 1st over - 2 runs, 3 hits, 0 errors, 1 left on base; Oakland (APP) 0 - Pulaski 2
TOP OF THE 2ND
Oakland (APP) Athletics batting - Pitching for Pulaski Yankees : RHP Eric Patrick
Batting: RHB David Sharp 0-0: Fly out, F7 (Flyball, 78S, EV 91.2 MPH)
Batting: RHB Tetsuya Shinoda 0-0: Swinging Strike
0-1: Ball
1-1: Fly out, F6 (Flyball, 56D, EV 88.8 MPH)
Batting: LHB Igor Ciobanu 0-0: Called Strike
0-1: Foul Ball, location: 2F
0-2: Ball
1-2: Ball
2-2: SOLO HOME RUN (Flyball, 89XD, EV 104.4 MPH), Distance : 417 ft
Batting: RHB Emiel Schlepers 0-0: Ball
1-0: Called Strike
1-1: Hit by Pitch
Batting: RHB Don Burt 0-0: Called Strike
0-1: Fly out, F8 (Line Drive, 8LD, EV 97.5 MPH)
Top of the 2nd over - 1 run, 1 hit, 0 errors, 1 left on base; Oakland (APP) 1 - Pulaski 2
BOTTOM OF THE 2ND
Pulaski Yankees batting - Pitching for Oakland (APP) Athletics : RHP Ricky Lopez
Batting: LHB Carlos Palau 0-0: Ball
1-0: Called Strike
1-1: Ball
2-1: Called Strike
2-2: Fly out, F7 (Flyball, 78M, EV 85.6 MPH)
Batting: RHB Mustafa bin Gamali 0-0: Ball
1-0: Ball
2-0: Called Strike
2-1: Ball
3-1: Foul Ball, location: 2F
3-2: Strikes out swinging
Batting: RHB Victor Garcia 0-0: Ball
1-0: Called Strike
1-1: Foul Ball, location: 2F
1-2: Strikes out swinging
Bottom of the 2nd over - 0 runs, 0 hits, 0 errors, 0 left on base; Oakland (APP) 1 - Pulaski 2
TOP OF THE 3RD
Oakland (APP) Athletics batting - Pitching for Pulaski Yankees : RHP Eric Patrick
Batting: SHB Steve Salafia 0-0: Called Strike
0-1: SINGLE (Groundball, 6M, EV 91.9 MPH) (infield hit)
Batting: RHB Mike Gangi 0-0: Ball
Steve Salafia steals 2nd base
1-0: Called Strike
1-1: Foul Ball, location: 2F
1-2: Ball
2-2: Ball
3-2: Fly out, F8 (Flyball, 8RD, EV 95.6 MPH)
Batting: RHB Chris Bohm 0-0: Ball
1-0: Ball
2-0: Ball
3-0: Called Strike
3-1: Called Strike
3-2: Base on Balls
Batting: LHB Marcus Pollard 0-0: Called Strike
0-1: DOUBLE (Line Drive, 9LS, EV 101.9 MPH)
Steve Salafia scores
Chris Bohm to third
Batting: RHB David Sharp 0-0: Called Strike
0-1: Swinging Strike
0-2: Ground out 6-3 (Groundball, 56, EV 101.9 MPH)
Chris Bohm scores
Batting: RHB Tetsuya Shinoda 0-0: Swinging Strike
0-1: SINGLE (Groundball, 6MD, EV 94.4 MPH)
Marcus Pollard to third
Runner from 3rd tries for Home, SAFE, throw by CF to home
Batting: LHB Igor Ciobanu 0-0: Ball
1-0: Called Strike
1-1: Swinging Strike
1-2: Ball
2-2: Ball
3-2: Base on Balls
Tetsuya Shinoda to second
Batting: RHB Emiel Schlepers 0-0: Ball
1-0: Called Strike
1-1: Ball
2-1: Ball
3-1: Base on Balls
Tetsuya Shinoda to third
Igor Ciobanu to second
Batting: RHB Don Burt 0-0: Ground out 3-1 (Groundball, 34, EV 88.1 MPH)
Top of the 3rd over - 3 runs, 3 hits, 0 errors, 3 left on base; Oakland (APP) 4 - Pulaski 2
BOTTOM OF THE 3RD
Pulaski Yankees batting - Pitching for Oakland (APP) Athletics : RHP Ricky Lopez
Batting: RHB Jonathan Iniguez 0-0: Foul Ball, location: 2F
0-1: Ground out 6-3 (Groundball, P, EV 83.8 MPH)
Batting: LHB Jared Zulkowski 0-0: Ball
1-0: Foul Ball, location: 2F
1-1: Swinging Strike
1-2: Ball
2-2: Foul Ball, location: 2F
2-2: Ball
3-2: Strikes out looking
Batting: LHB Ernesto Abreu 0-0: Foul Ball, location: 2F
0-1: SINGLE (Groundball, 4D, EV 98.8 MPH)
Batting: LHB Steve LeGrand 0-0: Ball
1-0: Ball
2-0: Ground out 4-3 (Groundball, 4, EV 88.1 MPH)
Bottom of the 3rd over - 0 runs, 1 hit, 0 errors, 1 left on base; Oakland (APP) 4 - Pulaski 2
TOP OF THE 4TH
Oakland (APP) Athletics batting - Pitching for Pulaski Yankees : RHP Eric Patrick
Batting: SHB Steve Salafia 0-0: Ball
1-0: Ball
2-0: Ball
3-0: Called Strike
3-1: Foul Ball, location: 2F
3-2: Ground out 5-3 (Groundball, 56, EV 85.6 MPH)
Batting: RHB Mike Gangi 0-0: Ball
1-0: Ball
2-0: Ball
3-0: Base on Balls
Batting: RHB Chris Bohm 0-0: Called Strike
0-1: Swinging Strike
0-2: Strikes out swinging
Batting: LHB Marcus Pollard 0-0: Ball
Mike Gangi is caught stealing 2nd base 2-6
Top of the 4th over - 0 runs, 0 hits, 0 errors, 0 left on base; Oakland (APP) 4 - Pulaski 2
BOTTOM OF THE 4TH
Pulaski Yankees batting - Pitching for Oakland (APP) Athletics : RHP Ricky Lopez
Batting: RHB Jesus Ruiz 0-0: Ball
1-0: Called Strike
1-1: Ground out 5-3 (Groundball, 25, EV 85.6 MPH)
Batting: LHB Justin Short 0-0: Foul Ball, location: 2F
0-1: Ball
1-1: Foul Ball, location: 2F
1-2: Strikes out swinging
Batting: LHB Carlos Palau 0-0: Ball
1-0: Swinging Strike
1-1: Ground out U3 (Groundball, 3, EV 79.4 MPH)
Bottom of the 4th over - 0 runs, 0 hits, 0 errors, 0 left on base; Oakland (APP) 4 - Pulaski 2
TOP OF THE 5TH
Oakland (APP) Athletics batting - Pitching for Pulaski Yankees : RHP Eric Patrick
Batting: LHB Marcus Pollard 0-0: Called Strike
0-1: Ball
1-1: Ground out 6-3 (Groundball, 6, EV 110.6 MPH)
Pitching: LHP Matt Cusatis
Batting: RHB David Sharp 0-0: Called Strike
0-1: Fly out, F8 (Flyball, 8LXD, EV 100.0 MPH)
Batting: RHB Tetsuya Shinoda 0-0: Ball
1-0: Called Strike
1-1: Fly out, F8 (Flyball, 8RXD, EV 96.9 MPH)
Top of the 5th over - 0 runs, 0 hits, 0 errors, 0 left on base; Oakland (APP) 4 - Pulaski 2
BOTTOM OF THE 5TH
Pulaski Yankees batting - Pitching for Oakland (APP) Athletics : RHP Ricky Lopez
Batting: RHB Mustafa bin Gamali 0-0: Ball
1-0: Ball
2-0: Ball
3-0: Base on Balls
Batting: RHB Victor Garcia 0-0: Ball
1-0: Ball
2-0: Foul Ball, location: 2F
2-1: Foul Ball, location: 2F
2-2: Strikes out swinging
Batting: RHB Jonathan Iniguez 0-0: Called Strike
0-1: SINGLE (Groundball, 4MD, EV 101.2 MPH)
Mustafa bin Gamali to second
Runner from 2nd tries for 3rd, SAFE, throw by CF made to third
Batting: LHB Jared Zulkowski 0-0: Called Strike
Jonathan Iniguez steals 2nd base
0-1: Ground out 4-3 (Groundball, 4S, EV 79.4 MPH)
Mustafa bin Gamali scores
Jonathan Iniguez to third
Batting: LHB Ernesto Abreu 0-0: Called Strike
0-1: Foul Ball, location: 2F
0-2: Ball
1-2: Ball
2-2: Strikes out swinging
Bottom of the 5th over - 1 run, 1 hit, 0 errors, 1 left on base; Oakland (APP) 4 - Pulaski 3
TOP OF THE 6TH
Oakland (APP) Athletics batting - Pitching for Pulaski Yankees : LHP Matt Cusatis
Batting: LHB Igor Ciobanu 0-0: Ball
1-0: Ball
2-0: Foul Ball, location: 2F
2-1: Swinging Strike
2-2: Ball
3-2: Ground out U3 (Groundball, 3L, EV 102.5 MPH)
Batting: RHB Emiel Schlepers 0-0: Ball
1-0: Swinging Strike
1-1: Ball
2-1: Foul Ball, location: 2F
2-2: SINGLE (Groundball, 34D, EV 111.2 MPH)
Batting: RHB Don Burt 0-0: Ball
1-0: Ball
Wild Pitch!
Emiel Schlepers to second
2-0: DOUBLE (Groundball, 5L, EV 105.6 MPH)
Emiel Schlepers scores
Batting: SHB Steve Salafia 0-0: Ball
Don Burt steals 3rd base
1-0: Called Strike
1-1: Called Strike
1-2: Ground out 5-3 (Groundball, 56S, EV 77.5 MPH)
Pitching: RHP Manny de la Cruz
Batting: RHB Mike Gangi 0-0: Ground out 3-1 (Groundball, 34, EV 103.1 MPH)
Top of the 6th over - 1 run, 2 hits, 0 errors, 1 left on base; Oakland (APP) 5 - Pulaski 3
BOTTOM OF THE 6TH
Pulaski Yankees batting - Pitching for Oakland (APP) Athletics : RHP Ricky Lopez
Batting: LHB Steve LeGrand 0-0: Ball
1-0: Fly out, F5 (Popup, 5S, EV 81.2 MPH)
Batting: RHB Jesus Ruiz 0-0: Called Strike
0-1: Ground out 5-3 (Groundball, 56, EV 104.4 MPH)
Batting: LHB Justin Short 0-0: Ball
1-0: Ball
2-0: Called Strike
2-1: Foul Ball, location: 2F
2-2: Strikes out swinging
Bottom of the 6th over - 0 runs, 0 hits, 0 errors, 0 left on base; Oakland (APP) 5 - Pulaski 3
TOP OF THE 7TH
Oakland (APP) Athletics batting - Pitching for Pulaski Yankees : RHP Manny de la Cruz
Batting: RHB Chris Bohm 0-0: Ball
1-0: Foul Ball, location: 2F
1-1: Ball
2-1: Foul Ball, location: 2F
2-2: Foul Ball, location: 2F
2-2: Ball
3-2: SINGLE (Groundball, 56D, EV 98.1 MPH)
Batting: LHB Marcus Pollard 0-0: Ball
Chris Bohm steals 2nd base
1-0: Intentional Walk
Batting: RHB David Sharp 0-0: Foul Ball, location: 2F
0-1: Ball
1-1: Ball
2-1: Ball
3-1: Called Strike
3-2: Base on Balls
Chris Bohm to third
Marcus Pollard to second
Batting: RHB Tetsuya Shinoda 0-0: Ball
1-0: Called Strike
1-1: Fly out, F9 (Flyball, 89M, EV 83.8 MPH)
Batting: LHB Igor Ciobanu 0-0: Swinging Strike
0-1: GRAND SLAM HOME RUN (Flyball, 9LD, EV 93.1 MPH), Distance : 354 ft
Pitching: RHP Jon Campbell
Batting: RHB Emiel Schlepers 0-0: Ball
1-0: Ground out 6-3 (Groundball, 6, EV 101.9 MPH)
Batting: RHB Don Burt 0-0: Ball
1-0: Foul Ball, location: 2F
1-1: Ball
2-1: Ball
3-1: Swinging Strike
3-2: SINGLE (Groundball, 6MD, EV 95.0 MPH)
Batting: SHB Steve Salafia 0-0: Called Strike
0-1: Ball
1-1: Ball
2-1: Ball
3-1: Swinging Strike
3-2: Base on Balls
Don Burt to second
Batting: RHB Mike Gangi 0-0: Ground out U3 (Groundball, 3S, EV 86.2 MPH)
Top of the 7th over - 4 runs, 3 hits, 0 errors, 2 left on base; Oakland (APP) 9 - Pulaski 3
BOTTOM OF THE 7TH
Pulaski Yankees batting - Pitching for Oakland (APP) Athletics : RHP Ricky Lopez
Pitching: RHP Igoryok Wolgaevsky
Batting: LHB Carlos Palau 0-0: Ball
1-0: Ball
2-0: Called Strike
2-1: Reached on error, E6 (Groundball, 6, EV 96.9 MPH)
Batting: RHB Mustafa bin Gamali 0-0: Foul Ball, location: 2F
0-1: Fielders Choice at 2nd, 5-4 (Groundball, 5L, EV 84.4 MPH)
Batting: RHB Victor Garcia 0-0: Ball
1-0: Ball
2-0: Ball
3-0: Base on Balls
Mustafa bin Gamali to second
Batting: RHB Jonathan Iniguez 0-0: Called Strike
0-1: Ball
1-1: Swinging Strike
1-2: Ball
2-2: Foul Ball, location: 2F
2-2: Ball
3-2: Grounds into double play, 4-6-3 (Groundball, 4, EV 103.1 MPH)
Bottom of the 7th over - 0 runs, 0 hits, 1 error, 1 left on base; Oakland (APP) 9 - Pulaski 3
TOP OF THE 8TH
Oakland (APP) Athletics batting - Pitching for Pulaski Yankees : RHP Jon Campbell
Batting: RHB Chris Bohm 0-0: Ball
1-0: Swinging Strike
1-1: SINGLE (Line Drive, 78S, EV 106.2 MPH)
Batting: LHB Marcus Pollard 0-0: Called Strike
0-1: Foul Ball, location: 2F
0-2: Ball
1-2: Foul Ball, location: 2F
1-2: Ball
2-2: DOUBLE (Line Drive, 78D, EV 101.2 MPH)
Chris Bohm to third
Runner from 3rd tries for Home, SAFE, throw by CF to home
Batting: RHB David Sharp 0-0: Ball
1-0: Ball
2-0: Called Strike
2-1: Called Strike
2-2: Strikes out looking
Batting: RHB Tetsuya Shinoda 0-0: SINGLE (Groundball, 56D, EV 105.0 MPH)
Marcus Pollard to third
Batting: LHB Igor Ciobanu 0-0: Foul Ball, location: 2F
0-1: Ball
1-1: Ball
2-1: Ball
3-1: 3-RUN HOME RUN (Flyball, 7D, EV 98.1 MPH), Distance : 386 ft
Pitching: RHP Matt Elliott
Batting: RHB Emiel Schlepers 0-0: Ball
1-0: Ball
2-0: Ball
3-0: Called Strike
3-1: Ground out 6-3 (Groundball, 56, EV 110.0 MPH)
Batting: RHB Don Burt 0-0: Ball
1-0: Ball
2-0: Fly out, F8 (Flyball, 78D, EV 73.1 MPH)
Top of the 8th over - 4 runs, 4 hits, 0 errors, 0 left on base; Oakland (APP) 13 - Pulaski 3
BOTTOM OF THE 8TH
Pulaski Yankees batting - Pitching for Oakland (APP) Athletics : RHP Igoryok Wolgaevsky
Batting: LHB Jared Zulkowski 0-0: Ground out 1-3 (Groundball, 13, EV 66.2 MPH)
Batting: LHB Ernesto Abreu 0-0: Ball
1-0: Ball
2-0: Ball
3-0: Base on Balls
Batting: LHB Steve LeGrand 0-0: Swinging Strike
0-1: DOUBLE (Line Drive, 9LD, EV 104.4 MPH)
Ernesto Abreu to third
Batting: RHB Jesus Ruiz 0-0: Ball
1-0: TRIPLE (Flyball, 89XD, EV 96.9 MPH)
Ernesto Abreu scores
Steve LeGrand scores
Batting: LHB Justin Short 0-0: Called Strike
0-1: Foul Ball, location: 2F
0-2: Foul Ball, location: 2F
0-2: Ball
1-2: Strikes out looking
Batting: LHB Carlos Palau 0-0: Ball
Wild Pitch!
Jesus Ruiz scores
1-0: DOUBLE (Line Drive, 78D, EV 108.1 MPH)
Batting: RHB Mustafa bin Gamali 0-0: Swinging Strike
0-1: Called Strike
0-2: Strikes out swinging
Bottom of the 8th over - 3 runs, 3 hits, 0 errors, 1 left on base; Oakland (APP) 13 - Pulaski 6
TOP OF THE 9TH
Oakland (APP) Athletics batting - Pitching for Pulaski Yankees : RHP Matt Elliott
Batting: SHB Steve Salafia 0-0: Ball
1-0: Swinging Strike
1-1: Called Strike
1-2: Foul Ball, location: 2F
1-2: Ground out 6-3 (Groundball, 6, EV 89.4 MPH)
Batting: RHB Mike Gangi 0-0: Ball
1-0: Ball
2-0: Ball
3-0: Called Strike
3-1: Base on Balls
Batting: RHB Chris Bohm 0-0: Ball
Mike Gangi steals 2nd base
1-0: Ball
2-0: Foul Ball, location: 2F
2-1: Ball
3-1: Called Strike
3-2: Ground out U3 (Groundball, 34S, EV 82.5 MPH)
Mike Gangi to third
Batting: LHB Marcus Pollard 0-0: Called Strike
0-1: Ball
1-1: Ball
2-1: Ball
3-1: Swinging Strike
3-2: Foul Ball, location: 2F
3-2: Base on Balls
Batting: RHB David Sharp 0-0: Ball
1-0: Called Strike
1-1: Ball
2-1: Ball
3-1: Called Strike
3-2: DOUBLE (Line Drive, 89D, EV 113.1 MPH)
Mike Gangi scores
Marcus Pollard to third
Marcus Pollard scores
Batting: RHB Tetsuya Shinoda 0-0: 2-RUN HOME RUN (Flyball, 9D, EV 101.2 MPH), Distance : 380 ft
Pitching: RHP Yoshida Abe
Batting: LHB Igor Ciobanu 0-0: Called Strike
0-1: Ball
1-1: Ball
2-1: Ball
3-1: Called Strike
3-2: Foul Ball, location: 2F
3-2: Foul Ball, location: 2F
3-2: Base on Balls
Batting: RHB Emiel Schlepers 0-0: Ball
1-0: Called Strike
1-1: 2-RUN HOME RUN (Flyball, 78XD, EV 112.5 MPH), Distance : 429 ft
Batting: RHB Don Burt 0-0: Ball
1-0: Ball
2-0: SOLO HOME RUN (Flyball, 7D, EV 95.6 MPH), Distance : 371 ft
Batting: SHB Steve Salafia 0-0: Foul Ball, location: 2F
0-1: Ball
1-1: Ball
2-1: SINGLE (Groundball, 34S, EV 66.9 MPH) (infield hit)
Batting: RHB Mike Gangi 0-0: SINGLE (Groundball, 56D, EV 110.6 MPH)
Steve Salafia to second
Batting: RHB Chris Bohm 0-0: Ball
1-0: Foul Ball, location: 2F
1-1: Foul Ball, location: 2F
1-2: Ball
2-2: 3-RUN HOME RUN (Flyball, 7D, EV 97.5 MPH), Distance : 386 ft
Pitching: LHP Loo Lei
Batting: LHB Marcus Pollard 0-0: Swinging Strike
0-1: Ball
1-1: Ball
2-1: Foul Ball, location: 2F
2-2: Foul Ball, location: 2F
2-2: Ball
3-2: Fly out, F7 (Flyball, 78S, EV 79.4 MPH)
Top of the 9th over - 10 runs, 7 hits, 0 errors, 0 left on base; Oakland (APP) 23 - Pulaski 6
BOTTOM OF THE 9TH
Pulaski Yankees batting - Pitching for Oakland (APP) Athletics : RHP Igoryok Wolgaevsky
Batting: RHB Victor Garcia 0-0: Called Strike
0-1: Ball
1-1: Called Strike
1-2: Strikes out swinging, 2-3 out at first.
Batting: RHB Jonathan Iniguez 0-0: Called Strike
0-1: Ball
1-1: Foul Ball, location: 2F
1-2: Ball
2-2: Strikes out swinging
Batting: LHB Jared Zulkowski 0-0: Ground out 5-3 (Groundball, 5L, EV 90.0 MPH)
Bottom of the 9th over - 0 runs, 0 hits, 0 errors, 0 left on base; Oakland (APP) 23 - Pulaski 6
Thursday, December 15th , 2022 - OOTP Baseball 23.9 Build 102